 Dungeon Crawl Stone Soup version 0.30.1-10-g1249ef9ec4 (webtiles) character file.

Game seed: 17169731548477583376

3735 pkoi the Martial Artist (level 9, -2/75 HPs)
             Began as a Yellow Draconian Monk on Oct 26, 2023.
             Was a Believer of Dithmenos.
             Killed from afar by an electric eel (9 damage)
             ... with a bolt of electricity
             ... on level 8 of the Dungeon.
             The game lasted 00:10:07 (8320 turns).

pkoi the Martial Artist (Yellow Draconian Monk)     Turns: 8320, Time: 00:10:07

Health: -2/75      AC: 11    Str: 12    XL:     9   Next: 92%
Magic:  12/12      EV: 14    Int: 14    God:    Dithmenos [**....]
Gold:   381        SH:  0    Dex: 15    Spells: 3/12 levels left

rFire   + .          .
                       - Unarmed
rCold   . . .        (no shield)
rNeg    + . .        (body armour unavailable)
rPois   +            (helmet restricted)
rElec   .            x - +2 ratskin cloak {*Rats rPois rN+ Str-1 Int-1 Dex+1}
rCorr   +            v - +0 pair of gloves
SInv    .            (no boots)
Will    .....        (no amulet)
Stlth   ++           c - ring of protection from fire
HPRegen 0.32/turn    (no ring)
MPRegen 0.13/turn

%: no passive effects
@: wreathed by umbra
A: spit acid, AC +7, unfitting armour, cold-blooded, acid resistance
a: Breathe Acid, Renounce Religion, Shadow Step


You were on level 8 of the Dungeon.
You worshipped Dithmenos.
Dithmenos was pleased with you.
You visited 2 branches of the dungeon, and saw 9 of its levels.

You collected 381 gold pieces.

Inventory:

Hand Weapons
 e - a +1 sling
 n - a +1 vampiric dagger
Missiles
 k - 9 poisoned darts
 t - a throwing net
 A - a curare-tipped dart
Armour
 b - an orb of light
 r - a +1 cloak
 v - a +0 pair of gloves (worn)
 x - the +2 ratskin cloak (worn) {*Rats rPois rN+ Str-1 Int-1 Dex+1}
   (You found it on level 7 of the Dungeon)

   *Rats:     When the wearer is hurt, rats may emerge from it to assist them.
   Str:       It affects your strength (-1).
   Int:       It affects your intelligence (-1).
   Dex:       It affects your dexterity (+1).
   rPois:     It protects you from poison.
   rN:        It protects you from negative energy.
Jewellery
 c - a ring of protection from fire (left hand)
 i - a ring of ice
 s - an amulet of the acrobat
Wands
 g - a wand of light (5)
 q - a wand of paralysis (10)
 w - a wand of flame (11)
Scrolls
 d - 3 scrolls of teleportation
 u - a scroll of enchant armour
 y - a scroll of noise {unknown}
 z - a scroll of summoning
Potions
 a - 4 potions of ambrosia
 f - 4 potions of heal wounds
 h - 3 potions of flight {unknown}
 j - a potion of brilliance
 l - 2 potions of attraction
 m - a potion of magic {unknown}
 o - 2 potions of curing
 p - a potion of haste {unknown}


   Skills:
 - Level 6.2 Fighting
 + Level 5.8 Dodging
 - Level 9.0 Unarmed Combat
 + Level 2.2 Spellcasting
 + Level 2.2 Conjurations
 + Level 2.6 Translocations
 + Level 2.1 Transmutations
 + Level 2.1 Fire Magic
 + Level 2.4 Air Magic
 + Level 2.6 Poison Magic
 - Level 4.8 Evocations


You had 3 spell levels left.
You knew the following spells:

 Your Spells              Type           Power      Damage    Failure   Level
a - Apportation           Tloc           16%        N/A       8%          1
b - Poisonous Vapours     Pois/Air       16%        N/A       13%         2
c - Ignite Poison         Fire/Tmut/Pois 7%         N/A       26%         3
d - Mephitic Cloud        Conj/Pois/Air  8%         N/A       26%         3

Your spell library contained the following spells:

 Spells                   Type           Power      Damage    Failure   Level
 Scorch                   Fire           14%        2d5       16%         2
 Necrotise                Necr           4%         1d4       24%         1
 Summon Small Mammal      Summ           4%         N/A       24%         1
 Spider Form              Tmut/Pois      8%         N/A       26%         3
 Ensorcelled Hibernation  Hex/Ice        2%         N/A       34%         2
 Frozen Ramparts          Ice            2%         1d1       56%         3
 Flame Wave               Conj/Fire      7%         2d5       67%         4
 Sticky Flame             Conj/Fire      7%         2d3       67%         4
 Ice Form                 Ice/Tmut       4%         N/A       83%         4
 Anguish                  Hex/Necr       0%         N/A       93%         4
 Summon Ice Beast         Ice/Summ       1%         N/A       93%         4
 Freezing Cloud           Conj/Ice/Air   2%         6-21      98%         5
 Summon Cactus Giant      Summ           0%         N/A       100%        6
 Ignition                 Fire           3%         3d4       100%        8


Dungeon Overview and Level Annotations

Branches:
Dungeon (8/15)             Temple (1/1) D:7
   Lair: D:8-11

Altars:
Ashenzari
Cheibriados
Dithmenos
Elyvilon
Fedhas
Gozag
Hepliaklqana
Makhleb
Nemelex Xobeh
Okawaru
Qazlal
Ru
Sif Muna
Trog
Uskayaw
Vehumet
Wu Jian
Xom
Yredelemnul
Zin
The Shining One

Shops:
D:2 (   D:6 (


Innate Abilities, Weirdness & Mutations

You can spit globs of acid.
Your golden yellow scales are hard. (AC +7)
You cannot fit into any form of body armour.
You are cold-blooded and may be slowed by cold attacks.
You are resistant to acid. (rCorr)


Message History

An electric eel comes into view.
The electric eel shoots out a bolt of lightning at you!
The bolt of electricity hits you!
You hear a howl!
You see here a +0 short sword.
Press: ? - help, Shift-Dir - straight line, f - you
Okay, then.
Unknown command. 2 hounds and a wolf come into view.
The hound barks! x2; You hear a bark!
The electric eel shoots out a bolt of lightning at you!
The bolt of electricity hits you.
The electric eel shoots out a bolt of lightning at you!
The bolt of electricity hits the electric eel.
The electric eel completely resists.
The bolt of electricity hits you!
Press: ? - help, Shift-Dir - straight line, f - you
Okay, then.
Unknown command.
Unknown command.
The electric eel shoots out a bolt of lightning at you!
The bolt of electricity hits you!
The electric eel shoots out a bolt of lightning at you!
The bolt of electricity hits you.
* * * LOW HITPOINT WARNING * * *
The electric eel shoots out a bolt of lightning at you!
The bolt of electricity misses the electric eel.
The bolt of electricity hits you!
* * * LOW HITPOINT WARNING * * *
The electric eel shoots out a bolt of lightning at you!
The bolt of electricity hits you!
* * * LOW HITPOINT WARNING * * *
You hear a bark!
You see here a +2 short sword of protection.
Unknown command.
The electric eel shoots out a bolt of lightning at you!
The bolt of electricity misses you.
There is a stone staircase leading up, spattered with blood here.
The electric eel shoots out a bolt of lightning at you!
The bolt of electricity hits you!
You die...

~~~≈~.≈SS~~...#
~....~~S~.~~..#
.....~....~...#
............~.#
..............#
......)).$...###
###..(...#....##
######)).....#.
##@.......
#.)....#.
########


You could see an electric eel.

Vanquished Creatures
  Pikel (D:4)
  Grinder (D:4)
  Sigmund (D:2)
  Menkaure (D:4)
  A water moccasin (D:7)
  Duvessa (D:4)
  4 sky beasts (D:7)
  An ogre (D:6)
  A wolf (D:7)
  4 centaurs
  2 phantoms (D:4)
  A kobold brigand (D:7)
  A lemure (D:4)
  Blork the orc (D:6)
  3 bullfrogs
  A gnoll sergeant (D:5)
  5 scorpions
  Dowan (D:4)
  4 hounds
  3 jellies
  A gnoll bouda (D:4)
  An orc priest (D:5)
  Crazy Yiuf (D:4)
  3 iguanas
  4 orc wizards
  Natasha (thrice) (D:3)
  Robin (D:4)
  10 adders
  8 gnolls
  A white imp (D:7)
  An ufetubus (D:5)
  5 dart slugs
  12 orcs
  7 bats
  4 endoplasms
  5 giant cockroaches
  8 goblins
  13 hobgoblins
  5 jackals
  3 quokkas
  9 ball pythons
  3 frilled lizards
  11 kobolds
  6 rats
163 creatures vanquished.

Vanquished Creatures (others)
  2 kobolds (D:8)
2 creatures vanquished.

Grand Total: 165 creatures vanquished

Notes
Turn   | Place    | Note
-------+----------+-------------------------------------------
     0 | D:1      | pkoi the Draconian Monk began the quest for the Orb.
     0 | D:1      | Reached XP level 1. HP: 19/19 MP: 1/1
    83 | D:1      | Reached XP level 2. HP: 18/26 MP: 2/2
   293 | D:1      | Reached skill level 4 in Unarmed Combat
   678 | D:2      | Reached XP level 3. HP: 31/31 MP: 3/3
  1242 | D:2      | Reached XP level 4. HP: 38/38 MP: 4/4
  1312 | D:2      | Noticed Sigmund
  1331 | D:2      | Killed Sigmund
  1332 | D:2      | Reached skill level 6 in Unarmed Combat
  1332 | D:2      | Reached XP level 5. HP: 29/45 MP: 5/5
  1425 | D:2      | Found Totaeror's Weapon Emporium.
  1451 | D:2      | Learned a level 1 spell: Apportation
  1534 | D:2      | Found a faded altar of an unknown god.
  1848 | D:3      | Noticed Natasha
  1855 | D:3      | Killed Natasha
  1856 | D:3      | Reached XP level 6. HP: 25/51 MP: 6/6
  2189 | D:3      | Reached skill level 7 in Unarmed Combat
  2565 | D:3      | Noticed Natasha
  2575 | D:3      | Killed Natasha
  2700 | D:3      | Noticed Natasha
  2926 | D:3      | Killed Natasha
  3200 | D:4      | Reached skill level 1 in Evocations
  3246 | D:4      | Noticed Grinder
  3246 | D:4      | Paralysed by Grinder for 2 turns
  3362 | D:4      | Noticed Robin
  3385 | D:4      | Killed Robin
  3495 | D:3      | Your scales start taking on a golden yellow colour.
  3495 | D:3      | Reached XP level 7. HP: 47/58 MP: 7/7
  3495 | D:3      | Gained mutation: You are resistant to acid. (rCorr) [Yellow
                  | Draconian growth]
  3553 | D:4      | Killed Grinder
  3904 | D:4      | Noticed Duvessa
  3937 | D:4      | Killed Duvessa
  4011 | D:4      | Reached skill level 8 in Unarmed Combat
  4137 | D:4      | Noticed Dowan
  4247 | D:4      | Killed Dowan
  4248 | D:4      | Reached XP level 8. HP: 36/67 MP: 8/8
  4473 | D:4      | Noticed Menkaure
  4480 | D:4      | Killed Menkaure
  4481 | D:4      | Reached skill level 5 in Fighting
  4574 | D:4      | Noticed Pikel
  4598 | D:4      | Killed Pikel
  4686 | D:4      | Found a runed translucent door.
  4687 | D:4      | Noticed Crazy Yiuf
  4694 | D:4      | Killed Crazy Yiuf
  4825 | D:5      | Entered Level 5 of the Dungeon
  4829 | D:5      | Found a blossoming altar of Fedhas.
  4909 | D:5      | Reached skill level 5 in Dodging
  5023 | D:5      | Reached XP level 9. HP: 58/75 MP: 9/9
  5026 | D:5      | Learned a level 2 spell: Poisonous Vapours
  5177 | D:5      | Found a shimmering blue altar of Sif Muna.
  5489 | D:5      | Reached skill level 9 in Unarmed Combat
  5711 | D:5      | Paralysed by a gnoll for 2 turns
  5724 | D:5      | Reached skill level 1 in Translocations
  5724 | D:5      | Reached skill level 1 in Poison Magic
  6000 | D:6      | Found a bloodstained altar of Trog.
  6030 | D:6      | Reached skill level 1 in Spellcasting
  6030 | D:6      | Reached skill level 1 in Air Magic
  6090 | D:6      | Learned a level 3 spell: Ignite Poison
  6094 | D:6      | Learned a level 3 spell: Mephitic Cloud
  6102 | D:6      | Noticed Blork the orc
  6108 | D:6      | Killed Blork the orc
  6135 | D:6      | Found Lecw's Weapon Boutique.
  6589 | D:7      | Reached skill level 1 in Conjurations
  6589 | D:7      | Reached skill level 1 in Transmutations
  6648 | D:7      | Reached skill level 1 in Fire Magic
  6940 | D:7      | Found the +2 ratskin cloak {*Rats rPois rN+ Str-1 Int-1
                  | Dex+1}
  7131 | D:7      | Found a staircase to the Ecumenical Temple.
  7478 | Temple   | Entered the Ecumenical Temple
  7695 | Temple   | Became a worshipper of Dithmenos the Shadowed
  7695 | Temple   | Reached * piety under Dithmenos
  7695 | Temple   | Reached ** piety under Dithmenos
  8320 | D:8      | Killed from afar by an electric eel

Illustrated notes

Levels and vault maps discovered:
D:1:      saegor_arrival_under_anarchy, layout_basic, minmay_bisected
D:2:      layout_loops_corners, shapermc_ecumenical_altar_mp_vishouse,
          serial_shops, nicolae_shop_bloodbath_and_beyond, uniq_sigmund
D:3:      layout_loops_ring, kennysheep_another_room, uniq_natasha
D:4:      layout_basic, uniq_grinder, uniq_menkaure, uniq_crazy_yiuf_cottage,
          uniq_pikel, uniq_duvessa, uniq_robin
D:5:      layout_loops_cross, led_sif_pool, fedhas_altar_2
D:6:      layout_gridville, mainiacjoe_overflow_24_doors, serial_shops,
          nicolae_shop_window_shopping, uniq_blork_the_orc
D:7:      layout_cave_pods, temple_statues, reono_crystal_passage
D:8:      layout_rooms, mainiacjoe_overflow_chevrons, erik_lair_island
Temple:   hc_temple_tempest_star

Skill      XL: |  1  2  3  4  5  6  7  8  9 |
---------------+----------------------------+-----
Unarmed Combat | 4 6 7 8 9 |  9.0
Evocations     | 1 2 4 |  4.8
Dodging        | 3 5 |  5.8
Fighting       | 4 6 |  6.2
Translocations | 2 |  2.6
Poison Magic   | 2 |  2.6
Spellcasting   | 2 |  2.2
Air Magic      | 2 |  2.4
Conjurations   | 2 |  2.2
Transmutations | 2 |  2.1
Fire Magic     | 2 |  2.1

Action                     |  1- 3 |  4- 6 |  7- 9 || total
---------------------------+-------+-------+-------++-------
  Melee: Unarmed           |    91 |   136 |   324 ||   551
         Tailslap          |    11 |    16 |    75 ||   102
         Punch             |       |       |     6 ||     6
   Fire: Sling             |       |       |     7 ||     7
  Throw: Throwing net      |       |     1 |       ||     1
Ability: Breathe Acid      |       |       |     7 ||     7
  Evoke: Wand              |       |       |     2 ||     2
    Use: Potion            |       |     2 |       ||     2
         Scroll            |       |     6 |     5 ||    11
   Stab: Invisible         |       |       |     2 ||     2
 Armour: Skin              |    30 |    32 |   111 ||   173
  Dodge: Dodged            |    65 |    64 |   264 ||   393
